 Dungeon Crawl Stone Soup version 0.29.0-11-gd7f09526c8 (webtiles) character file.

Game seed: 2942928628057437680

794 Persephone the Ruffian (level 7, -3/72 HPs)
             Began as a Troll Berserker on Sept 6, 2022.
             Was a Priest of Trog.
             Slain by an orc wizard
             ... wielding a +2 vampiric dagger
              (5 damage)
             ... on level 6 of the Dungeon.
             The game lasted 00:06:48 (3455 turns).

Persephone the Ruffian (Troll Berserker)            Turns: 3455, Time: 00:06:49

Health: -3/72      AC:  4    Str: 28    XL:     7   Next: 58%
Magic:  6/6        EV: 10    Int:  3    God:    Trog [***...]
Gold:   259        SH:  0    Dex:  9    Spells: 6/6 levels left

rFire   . . .      SeeInvis .     - Unarmed
rCold   . . .      Faith    .   (no shield)
rNeg    . . .      Spirit   .   a - +0 animal skin
rPois   .          Reflect  .   (helmet restricted)
rElec   .          Harm     .   (no cloak)
rCorr   .          Rampage  .   (gloves unavailable)
Will    .....                   (boots unavailable)
Stlth   +.........              (no amulet)
HPRegen 1.02/turn               (no ring)
MPRegen 0.10/turn               (no ring)

@: confused, on berserk cooldown, slowed, very slow
A: large, unfitting armour, claws 3, regeneration 1, shaggy fur 1, tough skin 1
a: Renounce Religion, Berserk, Trog's Hand


You were on level 6 of the Dungeon.
You worshipped Trog.
Trog was most pleased with you.
You visited 1 branch of the dungeon, and saw 6 of its levels.

You collected 259 gold pieces.

Inventory:

Hand Weapons
 r - a +0 giant spiked club
Missiles
 g - 4 throwing nets (quivered)
Armour
 a - a +0 animal skin (worn)
Jewellery
 d - an amulet of magic regeneration
Scrolls
 b - 4 scrolls of teleportation {unknown}
 h - 2 scrolls of fear {unknown}
 k - 2 scrolls of fog {unknown}
 l - 2 scrolls of noise {unknown}
 o - a scroll of identify {unknown}
 p - a scroll of immolation {unknown}
Potions
 c - 6 potions of curing {unknown}
 e - a potion of magic {unknown}
 f - 4 potions of flight {unknown}
 i - a potion of heal wounds {unknown}
 j - a potion of cancellation {unknown}
 m - a potion of berserk rage {unknown}
 n - a potion of ambrosia {unknown}
 q - a potion of invisibility {unknown}
 s - a potion of degeneration {unknown}
 t - a potion of lignification {unknown}


   Skills:
 + Level 5.6 Fighting
 - Level 2.4 Dodging
 + Level 6.7 Unarmed Combat


You had 6 spell levels left.
You didn't know any spells.
Your spell library was empty.

Dungeon Overview and Level Annotations

Branches:
Dungeon (6/15)
 Temple: D:4-7

Altars:
Xom
Zin

Shops:
D:1 :*[=?   D:5 (?=


Innate Abilities, Weirdness & Mutations

You are too large for most types of armour.
You have claws for hands.
Your natural rate of healing is unusually fast.
You are covered in fur. (AC +1)
You have tough skin. (AC +1)


Message History

You kill the adder!
Trog accepts your kill. Something hits you.
* * * LOW HITPOINT WARNING * * *
You see here an adder corpse.
You feel a strong urge to attack something.
You are no longer berserk.
You are exhausted.
You feel yourself slow down.
You hear some strange, mumbled words.
A puff of flame appears from out of thin air!
The puff of flame hits you!
* * * LOW HITPOINT WARNING * * *
There is a strange disturbance nearby!
There is a strange disturbance nearby!
There is a strange disturbance nearby!
There is a strange disturbance nearby!
You scratch something. Something hits you but does no damage.
You closely miss something. Something hits you.
* * * LOW HITPOINT WARNING * * *
You closely miss something. Something hits you.
* * * LOW HITPOINT WARNING * * *
Something hits you.
* * * LOW HITPOINT WARNING * * *
You scratch something.
You hear some strange, mumbled words.
You are confused.
You completely miss something. Something hits you.
* * * LOW HITPOINT WARNING * * *
You barely miss something. Something completely misses you. Something hits you.
* * * LOW HITPOINT WARNING * * *
You closely miss something. Something hits you.
* * * LOW HITPOINT WARNING * * *
You barely miss something. Your claw misses something. Something hits you.
* * * LOW HITPOINT WARNING * * *
You barely miss something. Something hits you.
* * * LOW HITPOINT WARNING * * *
Something hits you but does no damage. Something hits you.
You die...

. ##### ..
###...###)..
##...........
###....<......#
##....).........
#.....){@.......
.......)........
...............#
...............#
...............#
..............##
#.............#
#............##
##...........#


There were no monsters in sight!

Vanquished Creatures
  Menkaure (D:5)
  2 ogres (D:5)
  A centaur (D:6)
  A howler monkey (D:5)
  2 hounds
  An orc priest (D:6)
  2 orc wizards
  Robin (D:3)
  8 gnolls
  4 adders
  2 worms
  3 dart slugs
  12 orcs
  8 endoplasms
  2 giant cockroaches (D:4)
  20 goblins
  12 hobgoblins
  4 jackals
  8 kobolds
  4 quokkas
  4 ball pythons
  5 bats
  2 frilled lizards (D:3)
  5 rats
114 creatures vanquished.

Notes
Turn   | Place    | Note
-------+----------+-------------------------------------------
     0 | D:1      | Persephone the Troll Berserker began the quest for the Orb.
     0 | D:1      | Reached XP level 1. HP: 22/22 MP: 0/0
    87 | D:1      | Found Nonkuz's Antique Armour Shoppe.
   130 | D:1      | Found Tomef's Magic Scroll Emporium.
   163 | D:1      | Found Seqaetirgh's General Store.
   293 | D:1      | Reached XP level 2. HP: 29/29 MP: 1/1
   295 | D:1      | Found Osmut's Jewellery Boutique.
   421 | D:1      | Found a faded altar of an unknown god.
   617 | D:1      | Found Gustrauto's Book Emporium.
   801 | D:2      | Reached XP level 3. HP: 14/37 MP: 2/2
  1015 | D:2      | Reached ** piety under Trog
  1340 | D:2      | Reached skill level 4 in Unarmed Combat
  1389 | D:3      | Noticed Robin
  1403 | D:3      | Reached XP level 4. HP: 42/45 MP: 3/3
  1405 | D:3      | Killed Robin
  1672 | D:3      | Reached XP level 5. HP: 54/54 MP: 4/4
  1984 | D:4      | Reached skill level 5 in Unarmed Combat
  2017 | D:4      | Found a glowing silver altar of Zin.
  2124 | D:4      | Reached *** piety under Trog
  2236 | D:4      | Reached XP level 6. HP: 55/61 MP: 5/5
  2256 | D:4      | Found a shimmering altar of Xom.
  2533 | D:5      | Entered Level 5 of the Dungeon
  2729 | D:5      | Noticed Menkaure
  2739 | D:5      | Killed Menkaure
  2764 | D:5      | Found Gusia's Antique Weapon Boutique.
  2766 | D:5      | Found Suopnej's Magic Scroll Shop.
  2843 | D:5      | Found Cocev's Jewellery Shoppe.
  2854 | D:5      | Reached skill level 5 in Fighting
  2854 | D:5      | Reached skill level 6 in Unarmed Combat
  2854 | D:5      | Reached XP level 7. HP: 72/72 MP: 6/6
  3454 | D:6      | HP: 2/72 [something (3)]
  3455 | D:6      | Slain by an orc wizard

Illustrated notes

Levels and vault maps discovered:
D:1:      dpeg_arrival_tiny_c, layout_loops_ring, serial_shops, shop,
          nicolae_shop_advertising_works [nicolae_subvault_shop_adworks],
          nicolae_lakefront_shop, shop, nicolae_shop_stone,
          hellmonk_ecumenical_altar_inner_sanctum, minmay_domino_2
D:2:      layout_basic, kennysheep_big_empty_room, amcnicky_mini_pool_small,
          grunt_ministairs_8, minmay_crystal_room
D:3:      layout_basic, uniq_robin
D:4:      layout_rooms, nicolae_overflow_hidden_temple,
          overflow_temple_1_default, minmay_ruined_shrine
D:5:      layout_basic, serial_shops, shop, shop, shop_statue, uniq_menkaure
D:6:      layout_cave_pods

Skill      XL: |  1  2  3  4  5  6 |
---------------+-------------------+-----
Fighting       | 3 4 5 |  5.6
Unarmed Combat | 4 5 6 |  6.7
Dodging        | |  2.4

Action                   |  1- 3 |  4- 6 |  7- 9 || total
-------------------------+-------+-------+-------++-------
Melee: Unarmed           |   104 |   150 |    41 ||   295
       Punch             |     1 |     3 |       ||     4
Invok: Berserk           |     1 |     6 |     1 ||     8
 Stab: Sleeping          |     1 |       |       ||     1
Armor: Animal skin       |    44 |    37 |    12 ||    93
Dodge: Dodged            |    58 |    78 |    15 ||   151
